 Dungeon Crawl Stone Soup version 0.31.0-11-ge490571c62 (webtiles) character file.

Game seed: 10609382489972689237

3 WTDorsey the Firebug (level 1, 0/16 HPs)
             Began as an Oni Fire Elementalist on Feb 7, 2024.
             Slain by a hobgoblin (2 damage)
             ... on level 1 of the Dungeon.
             The game lasted 00:00:42 (36 turns).

WTDorsey the Firebug (Oni Fire Elementalist)          Turns: 36, Time: 00:00:44

Health: 0/16       AC:  3    Str: 11    XL:     1   Next: 50%
Magic:  0/4        EV:  9    Int: 16    God:
Gold:   0          SH:  0    Dex:  9    Spells: 4/5 levels left

rFire   . . .        c - +0 short sword
rCold   . . .        (no shield)
rNeg    . . .        a - +0 robe
rPois   .            (helmet restricted)
rElec   .            (no cloak)
rCorr   .            (gloves unavailable)
SInv    .            (boots unavailable)
Will    .....        (no amulet)
Stlth   +            (no ring)
HPRegen 0.22/turn    (no ring)
MPRegen 0.09/turn

%: no passive effects
@: no status effects
A: large, unfitting armour, horns 1, tough skin 1, double potion healing,
drunken brawling
a: no special abilities


You were on level 1 of the Dungeon.
You visited 1 branch of the dungeon, and saw 1 of its levels.

Inventory:

Hand Weapons
 c - a +0 short sword (weapon)
Armour
 a - a +0 robe (worn)
Potions
 b - a potion of magic


   Skills:
 + Level 1.8 Dodging
 + Level 1.4 Stealth
 + Level 2.5 Spellcasting
 + Level 0.8 Conjurations
 + Level 2.8 Fire Magic


You had 4 spell levels left.
You knew the following spells:

 Your Spells              Type           Power      Damage    Failure   Level
a - Foxfire               Conj/Fire      28%        2x1d5     10%         1

Your spell library contained the following spells:

 Spells                   Type           Power      Damage    Failure   Level
 Scorch                   Fire           22%        2d5       10%         2
 Inner Flame              Hex/Fire       6%         N/A       32%         3
 Volatile Blastmotes      Fire/Tloc      12%        2d11      32%         3
 Flame Wave               Conj/Fire      7%         2d5       67%         4


Dungeon Overview and Level Annotations

Branches:
Dungeon (1/15)

Altars:


Innate Abilities, Weirdness & Mutations

You are too large for most types of armour.
You have a pair of small horns on your head.
You have tough skin. (AC +1)
You gain doubled healing and magic from potions.
Whenever you drink a healing potion, you attack all around you.


Message History

c - a +0 short sword (weapon)
The giant cockroach bites you but does no damage.
The jackal barely misses you.
Casting: Foxfire (safe; 10% risk of failure)
Press: ? - help, Q - select action Dir - look around, f - activate You conjure some foxfire!
The jackal barely misses you. The giant cockroach bites you.
The hobgoblin hits you.
You barely miss the hobgoblin.
The foxfire hits the hobgoblin.
The hobgoblin is lightly wounded.
The foxfire hits the giant cockroach.
The giant cockroach is moderately wounded.
The jackal bites you but does no damage.
The giant cockroach bites you but does no damage.
The hobgoblin hits you but does no damage.
The jackal bites you but does no damage.
You closely miss the hobgoblin. You headbutt the hobgoblin.
The hobgoblin is moderately wounded.
The giant cockroach barely misses you.
The hobgoblin hits you but does no damage.
The jackal bites you but does no damage.
The giant cockroach bites you but does no damage.
You barely miss the hobgoblin. Your headbutt misses the hobgoblin.
The hobgoblin is moderately wounded.
The jackal closely misses you. The hobgoblin closely misses you.
The giant cockroach bites you but does no damage.
You hit the hobgoblin but do no damage.
The hobgoblin is moderately wounded.
The jackal closely misses you. The hobgoblin hits you.
* * * LOW HITPOINT WARNING * * *
The giant cockroach bites you but does no damage.
The jackal bites you.
* * * LOW HITPOINT WARNING * * *
You hit the hobgoblin but do no damage.
The hobgoblin is moderately wounded.
The jackal misses you.
The giant cockroach waves its antennae.
The giant cockroach bites you but does no damage.
The hobgoblin hits you.
You die...

##≈≈≈≈ ... #≈≈≈≈# ..$.
##########≈≈≈#####...
#>.......~≈≈~.....$.
#........~≈~......#
#....[...~≈~......#
#.......~~≈~......#.#.
#............hB.......
#.......~~~~..@g......
#.......~≈~...........
#.......≈≈~...........
#<.....~≈≈≈..........#
#######~≈≈############
≈≈≈≈## ≈≈≈## ##


You could see a jackal, a giant cockroach and a hobgoblin.

Vanquished Creatures
  2 jackals (D:1)
  A kobold (D:1)
3 creatures vanquished.

Vanquished Creatures (others)
  7 foxfires (D:1)
7 creatures vanquished.

Grand Total: 10 creatures vanquished

Notes
Turn   | Place    | Note
-------+----------+-------------------------------------------
     0 | D:1      | WTDorsey the Oni Fire Elementalist began the quest for the
                  | Orb.
     0 | D:1      | Reached XP level 1. HP: 16/16 MP: 3/3
    36 | D:1      | Slain by a hobgoblin

Illustrated notes

Levels and vault maps discovered:
D:1:      lemuel_arrival_river_bridge, layout_loops_ring,
          nicolae_ecumenical_lake_church, minmay_fountain_box,
          chequers_mini_garden, minmay_tripent

Action                     || total
---------------------------++-------
  Melee: Unarmed           ||     7
         Short sword       ||     5
         Headbutt          ||     1
   Cast: Foxfire           ||     4
 Armour: Robe              ||    28
  Dodge: Dodged            ||    18
